 Dungeon Crawl Stone Soup version 0.28-a0-475-g7dc2aef8ca (webtiles) character file.

Game seed: 15975567398114090279

121 Dabor the Skirmisher (level 5, -10/40 (42) HPs)
             Began as a Formicid Abyssal Knight on Sept 16, 2021.
             Was a Believer of Lugonu.
             Mangled by Crazy Yiuf (12 damage)
             ... on level 2 of the Dungeon.
             The game lasted 00:03:43 (3242 turns).

Dabor the Skirmisher (Formicid Abyssal Knight)      Turns: 3242, Time: 00:03:44

HP:   -10/40 (42)   AC:  4    Str: 18    XL:     5   Next: 26%
MP:   6/7           EV: 11    Int: 11    God:    Lugonu [**....]
Gold: 110           SH:  0    Dex: 10    Spells: 4/4 levels left

rFire   . . .      SeeInvis +   a - +1 spear
rCold   . . .      Faith    .   (no shield)
rNeg    . . .      Spirit   .   b - +0 leather armour
rPois   .          Reflect  .   (helmet unavailable)
rElec   .          Harm     .   (no cloak)
rCorr   .          Rampage  .   (no gloves)
Will    .....                   f - +0 pair of boots
Stlth   +.........              (no amulet)
HPRegen 0.13/turn               (no ring)
MPRegen 0.10/turn               (no ring)

@: lightly drained
A: permanent stasis, dig shafts and tunnels, antennae 3, four strong arms
a: Dig, Shaft Self, Renounce Religion, Depart the Abyss, Bend Space


You were on level 2 of the Dungeon.
You worshipped Lugonu.
Lugonu was pleased with you.
You visited 1 branch of the dungeon, and saw 2 of its levels.
You visited the Abyss 1 time.

You collected 110 gold pieces.

Inventory:

Hand Weapons
 a - a +1 spear (weapon)
Missiles
 g - 5 javelins
Armour
 b - a +0 leather armour (worn)
 f - a +0 pair of boots (worn)
Scrolls
 d - a scroll of fog {unknown}
 e - a scroll of teleportation {unknown}
Potions
 c - a potion of attraction


   Skills:
 + Level 4.0 Fighting
 + Level 2.7 Polearms
 + Level 0.9 Throwing
 + Level 3.0 Armour
 + Level 1.7 Dodging
 + Level 1.1 Stealth
 + Level 3.1 Invocations


You had 4 spell levels left.
You didn't know any spells.
Your spell library contained the following spells:

 Spells                   Type           Power      Damage    Failure   Level
 Summon Guardian Golem    Hex/Summ       0%         N/A       77%         3
 Orb of Destruction       Conj           0%         N/A       100%        7
 Spellforged Servitor     Conj/Summ      0%         N/A       100%        7


Dungeon Overview and Level Annotations

Branches:
Dungeon (2/15)

Altars:

Annotations:
D:2 Crazy Yiuf


Innate Abilities, Weirdness & Mutations

You cannot be hasted, slowed, berserked, paralysed or teleported.
You can dig through walls and to a lower floor.
You have a pair of large antennae on your head. (SInv)
Your four strong arms can wield two-handed weapons with a shield.


Message History

Key pressed, stopping explore.
No target in view!
Crazy Yiuf shouts!
Crazy Yiuf yells, "Action pizzabubble childish!"
Failed to move towards target.
Could not explore, unopened runed door.
Failed to move towards target.
Could not explore, unopened runed door.
Failed to move towards target.
Could not explore, unopened runed door.
Failed to move towards target.
Could not explore, unopened runed door.
Failed to move towards target.
Could not explore, unopened runed door.
Press: ? - help, v - describe, . - travel
Here: Crazy Yiuf, wielding a +3 quarterstaff of chaos and wearing a +0 cloak (fire blocked by a runed translucent door)
The floor.
Okay, then.
Unknown command.
Press: ? - help, v - describe, . - travel
Here: Crazy Yiuf, wielding a +3 quarterstaff of chaos and wearing a +0 cloak (fire blocked by a runed translucent door)
The floor.
Unknown command.
You open the door. You barely miss Crazy Yiuf.
Crazy Yiuf hits you with a +3 quarterstaff of chaos.
You are electrocuted!
You hit Crazy Yiuf.
Crazy Yiuf is moderately wounded.
Crazy Yiuf hits you with a +3 quarterstaff of chaos!
* * * LOW HITPOINT WARNING * * *
You feel drained.
* * * LOW HITPOINT WARNING * * *
Space bends around you!
You blink.
Crazy Yiuf glowers.
You don't have enough health at the moment.
Crazy Yiuf barely misses you.
You see here a +0 mace.
Crazy Yiuf hits you with a +3 quarterstaff of chaos!
You die...

...#..#....#
#.#
#....##....#
#.#
###...##.#.##
#.#
..###.#.###.#
#.# ....#'###
### ###
......#
.....## #####
....### #)..#
...##.# #@g.#
..##..#######
#...#
.##..###....#
##'##
##....##.####
♣.♣♣
#††##.##.#
♣♣.♣
....####.#
♣.♣♣
.##...##(#
♣♣.♣
..###.##.#
♣♣.♣♣
#...####.#
♣♣...♣


You could see Crazy Yiuf.

Vanquished Creatures
  3 adders (D:2)
  3 gnolls (D:2)
  A worm (D:2)
  5 ball pythons
  8 endoplasms
  4 giant cockroaches
  7 goblins
  4 hobgoblins
  4 jackals (D:1)
  A kobold (D:1)
  A quokka (D:2)
  5 bats
  8 frilled lizards
  7 rats
61 creatures vanquished.

Notes
Turn   | Place    | Note
-------+----------+-------------------------------------------
     0 | Abyss:1  | Dabor the Formicid Abyssal Knight began the quest for the
                  | Orb.
     0 | Abyss:1  | Reached XP level 1. HP: 18/18 MP: 2/2
    35 | Abyss:1  | Noticed a dread lich
    36 | D:1      | Escaped the Abyss
    94 | D:1      | Reached skill level 1 in Dodging
   293 | D:1      | Reached XP level 2. HP: 20/24 MP: 3/3
   300 | D:1      | Reached * piety under Lugonu
   500 | D:1      | Reached XP level 3. HP: 13/29 MP: 4/4
  1973 | D:2      | Reached ** piety under Lugonu
  1974 | D:2      | Reached XP level 4. HP: 37/37 MP: 6/6
  2530 | D:2      | Reached skill level 1 in Stealth
  2638 | D:2      | Found a runed translucent door.
  2639 | D:2      | Noticed Crazy Yiuf
  2787 | D:2      | Reached XP level 5. HP: 41/42 MP: 7/7
  3098 | D:2      | Reached skill level 4 in Fighting
  3242 | D:2      | Mangled by Crazy Yiuf

Illustrated notes

Levels and vault maps discovered:
D:1:      amcnicky_arrival_underground_garden, layout_basic, kennysheep_boxes
D:2:      minmay_razor_zed, layout_loops_ring, uniq_crazy_yiuf_cottage

Skill      XL: |  1  2  3  4  5 |
---------------+----------------+-----
Dodging        | 1 |  1.7
Invocations    | 3 |  3.1
Stealth        | 1 |  1.1
Armour         | 3 |  3.0
Fighting       | 4 |  4.0
Polearms       | |  2.7
Throwing       | |  0.9

Action                   |  1- 3 |  4- 6 || total
-------------------------+-------+-------++-------
Melee: Spear             |   137 |    71 ||   208
Invok: Depart the Abyss  |     1 |       ||     1
       Bend Space        |       |     1 ||     1
  Use: Scroll            |     3 |       ||     3
       Potion            |       |     1 ||     1
 Stab: Sleeping          |     1 |       ||     1
Armor: Leather armour    |    23 |    12 ||    35
Dodge: Dodged            |    60 |    37 ||    97

Table legend: (Time is in decaauts)
 A = Elapsed time spent in this place.
 B = Non-inter-level travel time spent in this place.
 C = Inter-level travel time spent in this place.
 D = Time resting spent in this place.
 E = Time spent auto-exploring this place.
 F = Levels seen in this place.
 G = Mean time per level.
                   A        B        C        D        E       F      G
               +--------+--------+--------+--------+--------+-----+--------+
         Total |   3237 |   3155 |     82 |    537 |   2203 |   3 | 1079.0 |
       Dungeon |   3201 |   3119 |     82 |    537 |   2169 |   2 | 1600.5 |
         Abyss |     36 |     36 |      0 |      0 |     34 |   1 |   36.0 |
               +--------+--------+--------+--------+--------+-----+--------+

Top non-repeatable levels by time:
     D:2: 1912 daAuts
     D:1: 1289 daAuts
 Abyss:1: 36 daAuts
